 Dungeon Crawl Stone Soup version 0.30-a0-1082-g70414cbcbb (webtiles) character file.

Game seed: 1769691926590350536

1983 CryoSword the Slasher (level 9, 0/69 HPs)
             Began as a Demonspawn Fighter on Apr 15, 2023.
             Was a Follower of Makhleb.
             Slain by a two-headed ogre
             ... wielding a +0 giant club
              (23 damage)
             ... on level 6 of the Dungeon.
             The game lasted 00:09:45 (7263 turns).

CryoSword the Slasher (Demonspawn Fighter)          Turns: 7263, Time: 00:09:45

Health: 0/69       AC: 18    Str: 23    XL:     9   Next: 1%
Magic:  13/13      EV: 10    Int: 10    God:    Makhleb [*.....]
Gold:   380        SH:  6    Dex: 13    Spells: 8/8 levels left

rFire   . . .      SeeInvis .    d - +6 war axe of Benevolence {heavy, rPois rC++ Str+3}
rCold   + + +      Faith    .    g - +2 buckler {AC+3}
rNeg    . . .      Spirit   .    A - +3 ring mail {rC+}
rPois   +          Reflect  .    (no helmet)
rElec   .          Rampage  .    (no cloak)
rCorr   .                        z - +0 pair of gloves
Will    .....                    l - +2 pair of boots
Stlth   +                        q - amulet of the acrobat
HPRegen 0.31/turn                v - ring of protection from cold
MPRegen 0.13/turn                (no ring)

@: no status effects
A: yellow scales 2, demonic guardian 1, powered by pain 2
a: Renounce Religion


You were on level 6 of the Dungeon.
You worshipped Makhleb.
Makhleb was aware of your devotion.
You visited 2 branches of the dungeon, and saw 7 of its levels.

You collected 440 gold pieces.
You spent 60 gold pieces at shops.

Inventory:

Hand Weapons
 d - the +6 war axe of Benevolence (weapon) {heavy, rPois rC++ Str+3}
   (You took it off an orc on level 5 of the Dungeon)

   Str:       It affects your strength (+3).
   rC:        It greatly protects you from cold.
   rPois:     It protects you from poison.
Missiles
 k - 5 poisoned darts (quivered)
 o - 7 boomerangs
Armour
 g - a +2 buckler of protection (worn)
   (You found it on level 1 of the Dungeon)
 l - a +2 pair of boots (worn)
   (You found it on level 2 of the Dungeon)
 z - a +0 pair of gloves (worn)
   (You found it on level 4 of the Dungeon)
 A - a +3 ring mail of cold resistance (worn)
   (You found it on level 5 of the Dungeon)
Jewellery
 q - an amulet of the acrobat (around neck)
   (You found it on level 3 of the Dungeon)
 v - a ring of protection from cold (left hand)
   (You found it on level 4 of the Dungeon)
Wands
 y - a wand of digging (6)
   (You took it off Ijyb on level 5 of the Dungeon)
Scrolls
 a - a scroll of fog {unknown}
 e - 5 scrolls of enchant weapon
 f - 3 scrolls of blinking
 h - a scroll of summoning {unknown}
 j - 3 scrolls of fear
 p - a scroll of poison {unknown}
 r - a scroll of torment {unknown}
 s - a scroll of teleportation {unknown}
 w - a scroll of enchant armour {unknown}
Potions
 b - 3 potions of haste {unknown}
 c - 2 potions of lignification {!q}
 i - 4 potions of curing {@q1}
 m - a potion of degeneration {!q}
 n - a potion of heal wounds {@q2}
 t - 2 potions of berserk rage {unknown}
 u - a potion of magic {unknown}
 x - 4 potions of brilliance


   Skills:
 + Level 5.8 Fighting
 * Level 7.6 Long Blades
 - Level 4.0 Axes
 - Level 2.6 Armour
 - Level 2.6 Shields
 + Level 6.3 Invocations


You had 8 spell levels left.
You didn't know any spells.
Your spell library was empty.

Dungeon Overview and Level Annotations

Branches:
Dungeon (6/15)             Temple (1/1) D:4

Altars:
Ashenzari
Dithmenos
Fedhas
Hepliaklqana
Kikubaaqudgha
Makhleb
Nemelex Xobeh
Ru
Uskayaw
Vehumet
Xom
Yredelemnul

Shops:
D:2 (![[(   D:3 (


Innate Abilities, Weirdness & Mutations

You are mostly covered in yellow scales. (AC +3)
A weak demonic guardian rushes to your aid.
You sometimes gain power by taking damage.


Message History

Key pressed, stopping explore.
Items here: ))) ††.
Things that are here:
a +0 flail; a +3 spear of pain; a gnoll corpse
Things that are here:
a +3 spear of venom; a +0 ring mail; a +0 buckler
Things that are here:
a +0 flail; a +0 club; a +0 war axe
k - 3 poisoned darts (gained 1)
k - 5 poisoned darts (gained 2)
k - 6 poisoned darts (gained 1)
k - 7 poisoned darts (gained 1)
k - 10 poisoned darts (gained 3)
There is a stone staircase leading up here.
There is an open door here.
You see here a +0 ring mail.
There is an open door here.
There is an open door here.
There is an open door here.
You open the door.
There is an open door here.
There is an open door here.
There is an open door here.
There is an open door here.
There is an open door here.
Key pressed, stopping explore.
Things that are here:
a +0 flail; a +0 club; a +0 war axe
Things that are here:
a +0 club; a +0 flail; a +0 spear You see here a +0 dagger.
Partly explored, can't reach some places.
Partly explored, can't reach some places.
Partly explored, can't reach some places.
Partly explored, can't reach some places.
You see here a +0 dagger.
There is a stone staircase leading down here.
You climb downwards.
There is a stone staircase leading up here.
Things that are here:
a +0 robe; a +0 dagger
There is an open door here.
There is an open door here.
A jelly comes into view.
A jelly is nearby!
A jelly is nearby!
A jelly is nearby!
The jelly misses you.
You slice the jelly!!
You kill the jelly!
Makhleb accepts your kill.
No target in view!
No target in view!
Could not explore, unopened door.
You open the door.
A hound comes into view.
The hound barks!
A hound is nearby!
A hound is nearby!
There is an open door here.
A centaur comes into view.
The centaur shouts!
The hound completely misses you.
The centaur wields a +0 shortbow.
The centaur shoots an arrow.
The arrow closely misses you. You block the hound's attack.
You barely miss the hound.
The centaur shoots an arrow.
You block the arrow.
The hound closely misses you. x2; The centaur shoots an arrow.
The arrow hits you.
You barely miss the hound. The hound bites you but does no damage.
The centaur shoots an arrow.
The arrow hits you. You block the hound's attack.
The centaur shoots an arrow.
The arrow hits you. The hound bites you but does no damage.
The centaur shoots an arrow.
The arrow hits you!
You are too injured to fight recklessly!
You are too injured to fight recklessly!
The centaur shoots an arrow.
The arrow closely misses you. The hound barely misses you.
The centaur shoots an arrow.
You block the arrow.
There is an open door here.
You closely miss the hound.
The hound bites you but does no damage. x2
The hound barely misses you.
You slice the hound!!
You kill the hound!
Makhleb accepts your kill.
You feel better.
The centaur shoots an arrow.
You block the arrow.
The centaur shoots an arrow.
The arrow hits you.
The centaur shoots an arrow.
The arrow misses you.
The centaur shoots an arrow.
The arrow completely misses you.
There is an open door, spattered with blood here.
The centaur unwields a +0 shortbow.
You block the centaur's attack. The centaur completely misses you.
You slice the centaur!!
You kill the centaur!
Makhleb accepts your kill.
You have reached level 9!
Your experience leads to an increase in your attributes!
Your base attributes are Str 18, Int 10, Dex 13.
Increase (S)trength, (I)ntelligence, or (D)exterity?
You feel stronger. x2; Your demonic ancestry asserts itself...
Yellow scales spread over more of your body.
There is an open door, spattered with blood here.
You start resting.
There is an open door here.
Okay, then.
There is an open door here.
Found a falchion and a scroll of noise.
A two-headed ogre comes into view.
It is wielding a +0 giant club and a +0 giant spiked club.
A two-headed ogre is nearby!
A two-headed ogre is nearby!
Throw: 10 darts (poison)
Aim: a two-headed ogre, wielding a +0 giant club and a +0 giant spiked club (74% to hit)
You throw a poisoned dart.
The poisoned dart hits the two-headed ogre.
The two-headed ogre is poisoned.
Throw: 9 darts (poison)
Aim: a two-headed ogre, wielding a +0 giant club and a +0 giant spiked club (lightly wounded, poisoned, 74% to hit)
You throw a poisoned dart.
The poisoned dart hits the two-headed ogre.
Throw: 8 darts (poison)
Aim: a two-headed ogre, wielding a +0 giant club and a +0 giant spiked club (lightly wounded, poisoned, 74% to hit)
You throw a poisoned dart.
The poisoned dart hits the two-headed ogre.
The two-headed ogre looks even sicker.
Throw: 7 darts (poison)
Aim: a two-headed ogre, wielding a +0 giant club and a +0 giant spiked club (lightly wounded, very poisoned, 74% to hit)
You throw a poisoned dart.
The poisoned dart hits the two-headed ogre.
The two-headed ogre looks even sicker.
Throw: 6 darts (poison)
Aim: a two-headed ogre, wielding a +0 giant club and a +0 giant spiked club (lightly wounded, very poisoned, 74% to hit)
You throw a poisoned dart.
The poisoned dart hits the two-headed ogre.
Cleave: d) +6 war axe of Benevolence {heavy, rPois rC++ Str+3}
Aim: a two-headed ogre, wielding a +0 giant club and a +0 giant spiked club (lightly wounded, very poisoned, about 21% to evade the +6 war axe of Benevolence)
You slice the two-headed ogre!!
The two-headed ogre hits you with a +0 giant club.
The two-headed ogre hits you with a +0 giant spiked club!
The two-headed ogre hits you with a +0 giant club!!
* * * LOW HITPOINT WARNING * * *
The two-headed ogre hits you with a +0 giant spiked club.
* * * LOW HITPOINT WARNING * * *
Cleave: d) +6 war axe of Benevolence {heavy, rPois rC++ Str+3}
Aim: a two-headed ogre, wielding a +0 giant club and a +0 giant spiked club (heavily wounded, very poisoned, about 21% to evade the +6 war axe of Benevolence)
You slice the two-headed ogre!!
The two-headed ogre barely misses you. x2
Cleave: d) +6 war axe of Benevolence {heavy, rPois rC++ Str+3}
Aim: a two-headed ogre, wielding a +0 giant club and a +0 giant spiked club (almost dead, very poisoned, about 21% to evade the +6 war axe of Benevolence)
You barely miss the two-headed ogre.
The two-headed ogre hits you with a +0 giant club.
* * * LOW HITPOINT WARNING * * *
The two-headed ogre hits you with a +0 giant spiked club!!
You die...

### #.##############
.########....##.#.......
....?..@........#.......
......O.........#.......
.....(...#......#.......
....(....#......#.......
...(.....########.......
..(..............#######
.(...............#......
...).............#......
..............).'......


You could see a two-headed ogre (very poisoned).

Vanquished Creatures
  A troll (D:5)
  2 orc warriors
  An ice beast (D:5)
  A black bear (D:6)
  A centaur (D:6)
  A phantom (D:5)
  3 scorpions
  A gnoll sergeant (D:5)
  A killer bee (D:5)
  2 jellies
  7 hounds
  3 orc priests (D:5)
  Ijyb (D:5)
  4 iguanas
  2 sleepcaps
  4 orc wizards
  7 gnolls
  10 adders
  A white imp (D:5)
  An ufetubus (D:5)
  2 dart slugs
  16 orcs
  5 endoplasms
  4 giant cockroaches
  6 goblins
  4 hobgoblins
  13 jackals
  3 kobolds
  4 quokkas
  3 ball pythons
  5 bats
  4 frilled lizards
  2 rats
125 creatures vanquished.

Vanquished Creatures (collateral kills)
  A jelly (D:5)
  2 gnolls (D:5)
3 creatures vanquished.

Vanquished Creatures (others)
  3 plants (D:1)
3 creatures vanquished.

Grand Total: 131 creatures vanquished

Notes
Turn   | Place    | Note
-------+----------+-------------------------------------------
     0 | D:1      | CryoSword the Demonspawn Fighter began the quest for the
                  | Orb.
     0 | D:1      | Reached XP level 1. HP: 18/18 MP: 1/1
   298 | D:1      | Gained mutation: You sometimes gain a little power by
                  | taking damage. [demonic ancestry]
   298 | D:1      | Reached XP level 2. HP: 24/24 MP: 2/2
   651 | D:1      | Found a faded altar of an unknown god.
   869 | D:2      | Found Xupierr's Antique Armour Emporium.
   870 | D:2      | Found Cuewet's Armour Emporium.
   923 | D:2      | Gained mutation: A weak demonic guardian rushes to your
                  | aid. [demonic ancestry]
   923 | D:2      | Reached XP level 3. HP: 29/29 MP: 3/3
   982 | D:2      | Reached XP level 4. HP: 28/35 MP: 4/4
  1009 | D:2      | Found Piaj's Antique Weapon Emporium.
  1065 | D:2      | Found Quyko's Distillery.
  1073 | D:2      | Bought a potion of degeneration for 10 gold pieces
  1073 | D:2      | Bought a potion of heal wounds for 50 gold pieces
  1567 | D:2      | Found Xoys's Weapon Shoppe.
  1685 | D:3      | Found Eddeympi's Weapon Shoppe.
  1768 | D:3      | Reached skill level 1 in Long Blades
  1800 | D:3      | Found a sacrificial altar of Ru.
  1816 | D:3      | Reached skill level 2 in Long Blades
  2023 | D:3      | Reached XP level 5. HP: 37/41 MP: 5/5
  2641 | D:4      | Reached skill level 3 in Long Blades
  2779 | D:4      | Found a staircase to the Ecumenical Temple.
  2856 | Temple   | Entered the Ecumenical Temple
  2955 | Temple   | Became a worshipper of Makhleb the Destroyer
  3141 | D:4      | Reached XP level 6. HP: 41/47 MP: 6/6
  3563 | D:4      | Reached skill level 4 in Long Blades
  3563 | D:4      | Reached skill level 1 in Invocations
  3724 | D:5      | Entered Level 5 of the Dungeon
  3798 | D:5      | Noticed Ijyb
  3814 | D:5      | Killed Ijyb
  4213 | D:5      | Gained mutation: You are partially covered in yellow
                  | scales. (AC +2) [demonic ancestry]
  4213 | D:5      | Reached XP level 7. HP: 51/52 MP: 8/8
  4291 | D:5      | Reached skill level 5 in Long Blades
  4607 | D:5      | Reached * piety under Makhleb
  4812 | D:5      | Noticed a troll
  4819 | D:5      | Identified the +6 war axe of Benevolence {heavy, rPois rC++
                  | Str+3}
  4838 | D:5      | Killed a troll
  4839 | D:5      | Reached skill level 6 in Long Blades
  4839 | D:5      | Gained mutation: You sometimes gain power by taking damage.
                  | [demonic ancestry]
  4839 | D:5      | Reached XP level 8. HP: 40/61 MP: 11/11
  4852 | D:5      | Reached skill level 5 in Invocations
  4967 | D:5      | Reached skill level 5 in Fighting
  5657 | D:6      | Reached skill level 7 in Long Blades
  7126 | D:6      | Gained mutation: You are mostly covered in yellow scales.
                  | (AC +3) [demonic ancestry]
  7126 | D:6      | Reached XP level 9. HP: 44/69 MP: 13/13
  7255 | D:6      | Noticed a two-headed ogre
  7263 | D:6      | Slain by a two-headed ogre

Illustrated notes

Levels and vault maps discovered:
D:1:      mrwooster_arrival_arrow, layout_loops_cross,
          shapermc_ecumenical_altar_hornbeckon, serial_park_tiny_2,
          due_unseen_surprise
D:2:      layout_basic, serial_shops, nicolae_shop_getting_attention, shop,
          shop, nicolae_shop_temple_entry_statues_fountains, shop
D:3:      layout_loops_ring, nicolae_ru_great_annihilating_truth, serial_shops,
          shop
D:4:      layout_basic, temple_green
D:5:      cheibrodos_fzero, layout_loops_corners, lightli_minifort, uniq_ijyb
D:6:      layout_gridville
Temple:   minmay_crystal_spiral_temple

Skill      XL: |  1  2  3  4  5  6  7  8 |
---------------+-------------------------+-----
Axes           | 2 3 4 |  4.0
Long Blades    | 2 3 4 6 7 |  7.6
Invocations    | 2 4 6 |  6.3
Fighting       | 4 5 |  5.8
Armour         | |  2.6
Shields        | |  2.6

Action                     |  1- 3 |  4- 6 |  7- 9 || total
---------------------------+-------+-------+-------++-------
  Melee: War axe           |    74 |   206 |    98 ||   378
         Dagger            |       |    67 |    88 ||   155
  Throw: Dart              |       |     1 |    18 ||    19
    Use: Scroll            |     3 |     2 |     3 ||     8
         Potion            |       |     1 |     1 ||     2
   Stab: Distracted        |       |     1 |       ||     1
 Armour: Scale mail        |    34 |   146 |    13 ||   193
         Skin              |       |     8 |       ||     8
         Ring mail         |       |       |    94 ||    94
  Dodge: Dodged            |    37 |   175 |   127 ||   339
  Block: Buckler           |    21 |   108 |    70 ||   199

Table legend: (Time is in decaauts)
 A = Elapsed time spent in this place.
 B = Non-inter-level travel time spent in this place.
 C = Inter-level travel time spent in this place.
 D = Time resting spent in this place.
 E = Time spent auto-exploring this place.
 F = Levels seen in this place.
 G = Mean time per level.
                   A        B        C        D        E       F      G
               +--------+--------+--------+--------+--------+-----+--------+
         Total |   7435 |   7116 |    319 |    301 |   5382 |   7 | 1062.1 |
       Dungeon |   7270 |   7015 |    255 |    301 |   5298 |   6 | 1211.7 |
        Temple |    164 |    100 |     64 |      0 |     84 |   1 |  164.0 |
               +--------+--------+--------+--------+--------+-----+--------+

Top non-repeatable levels by time:
     D:5: 3014 daAuts
     D:4: 1191 daAuts
     D:1: 892 daAuts
     D:2: 838 daAuts
     D:3: 793 daAuts
     D:6: 540 daAuts
  Temple: 164 daAuts
